 Dungeon Crawl Stone Soup version 0.23-a0-4-g8f018a2 (webtiles) character file.

32 Amnesiac the Chucker (level 3, 0/28 HPs)
             Began as a Mummy Hunter on July 31, 2018.
             Slain by a sky beast (2 damage)
             ... on level 2 of the Dungeon.
             The game lasted 00:02:23 (1253 turns).

Amnesiac the Chucker (Mummy Hunter)                 Turns: 1253, Time: 00:02:23

Health: 0/28       AC:  6    Str: 16    XL:     3   Next: 10%
Magic:  3/3        EV: 11    Int: 10    God:
Gold:   41         SH:  0    Dex: 12    Spells: 2/2 levels left

rFire    x . .     SeeInvis .   a - +1 spear
rCold    + . .     Gourm    .   (no shield)
rNeg     + + +     Faith    .   b - +0 leather armour
rPois    ∞         Spirit   .   (no helmet)
rElec    .         Reflect  .   (no cloak)
rCorr    .         Harm     .   m - +1 pair of gloves
MR       .....                  l - +0 pair of boots
Stlth    +.........             i - amulet of regeneration
HPRegen  0.49/turn              (no ring)
MPRegen  0.08/turn              (no ring)

@: no status effects
A: no food or potions, fire vulnerability, cold resistance 1, negative energy
resistance 3, torment resistance, unbreathing
a: no special abilities


You were on level 2 of the Dungeon.
You were not hungry.

You visited 1 branch of the dungeon, and saw 2 of its levels.

You collected 41 gold pieces.

Inventory:

Hand Weapons
 a - a +1 spear (weapon)
Missiles
 e - 34 stones (quivered)
 h - 19 poisoned needles
Armour
 b - a +0 leather armour (worn)
 l - a +0 pair of boots (worn)
 m - a +1 pair of gloves (worn)
Jewellery
 i - an amulet of regeneration (around neck)
Scrolls
 f - 3 scrolls of identify {!r}
 g - a scroll of enchant weapon {!r}


   Skills:
 + Level 2.5 Fighting
 * Level 3.9 Throwing
 - Level 1.5 Dodging
 - Level 0.7 Stealth


You had 2 spell levels left.
You didn't know any spells.
Your spell library was empty.

Dungeon Overview and Level Annotations

Branches:
Dungeon (2/15)

Altars:


Innate Abilities, Weirdness & Mutations

You do not eat or drink.
Your flesh is vulnerable to fire.
You are immune to poison.
Your flesh is cold resistant. (rC+)
You are immune to negative energy. (rN+++)
You are immune to unholy pain and torment.
You can survive without breathing.


Message History

The quokka is lightly wounded.
The quokka struggles against the net.
Something hits you but does no damage.
You hit the quokka but do no damage.
The quokka is lightly wounded.
The quokka struggles against the net.
Something hits you but does no damage.
Really read
k - a scroll labeled ELELAUSYPS {!r}?
As you read the scroll labeled ELELAUSYPS {!r}, it crumbles to dust.
You feel as if something is helping you.
It was a scroll of remove curse {!r}.
The quokka struggles against the net.
The net rips apart, and the quokka comes free!
Something hits you but does no damage.
The quokka bites you but does no damage.
Really read
j - a scroll labeled ULUASS JUSHA {!r}?
As you read the scroll labeled ULUASS JUSHA {!r}, it crumbles to dust.
It is a scroll of enchant armour.
Your +0 pair of gloves glows green for a moment.
Something completely misses you.
The quokka bites you but does no damage.
Really read
g - 2 scrolls labeled NUEWEUZX SIESIDGHO {!r}?
As you read the scroll labeled NUEWEUZX SIESIDGHO {!r}, it crumbles to dust.
It is a scroll of enchant weapon.
Your +0 spear glows red for a moment.
A hobgoblin comes into view. It is wielding a staff of conjuration.
The quokka closely misses you. Something hits you but does no damage.
Really read
f - 4 scrolls labeled NESULA DEOB {!r}?
As you read the scroll labeled NESULA DEOB {!r}, it crumbles to dust.
It is a scroll of identify.
You don't have any unidentified items.
The quokka barely misses you. Something hits you but does no damage.
Evoke which item? (* to show all) (? for menu, Esc to quit)
Okay, then.
Quiver which item? (- for none, * to show all) (? for menu, Esc to quit)
Okay, then.
You closely miss the quokka.
The quokka is lightly wounded.
The quokka bites you.
* * * LOW HITPOINT WARNING * * *
Something hits you but does no damage.
The quokka bites you but does no damage.
You closely miss the quokka.
The quokka is lightly wounded.
Something hits you but does no damage. The quokka closely misses you.
You closely miss the quokka.
The quokka is lightly wounded.
The hobgoblin shouts!
The quokka barely misses you. Something hits you but does no damage.
You hit the quokka but do no damage.
The quokka is lightly wounded.
The quokka barely misses you. Something hits you but does no damage.
The quokka bites you but does no damage.
You closely miss the quokka.
The quokka is lightly wounded.
Something hits you but does no damage. The quokka barely misses you.
You hit the quokka.
The quokka is almost dead.
Something hits you.
* * * LOW HITPOINT WARNING * * *
Something shocks you.
* * * LOW HITPOINT WARNING * * *
The quokka closely misses you. Something hits you but does no damage.
You puncture the quokka!
You kill the quokka!
Something hits you.
You die...

.. # .> .# ###
#.###(##.## #.# .
#.#.((..... #.# #.
#.#.############ #.#
###.##.#.##.{@g.....(
#.#
.......#.##.#########
#.# ........>....#
#.# ##..l#...##..#
#.# #####...##..# #.#
#......##..# #.#
#.#.###..##..# #.#
............#.# #.# #
..........###. #.# #


You could see a hobgoblin.

Vanquished Creatures
  An ooze (D:1)
  4 bats
  5 goblins
  5 hobgoblins
  4 jackals (D:2)
  A quokka (D:2)
  A frilled lizard (D:1)
  A kobold (D:1)
  2 rats
24 creatures vanquished.

Notes
Turn   | Place    | Note
-------+----------+-------------------------------------------
     0 | D:1      | Amnesiac the Mummy Hunter began the quest for the Orb.
     0 | D:1      | Reached XP level 1. HP: 16/16 MP: 1/1
   433 | D:1      | Reached XP level 2. HP: 22/22 MP: 2/2
  1182 | D:2      | Reached XP level 3. HP: 24/28 MP: 3/3
  1223 | D:2      | Noticed a sky beast
  1253 | D:2      | Slain by a sky beast

Vault maps used:
D:1:      dpeg_arrival_round_a
D:2:      overflow_temple_1_default, nicolae_ru_awakened_eye,
          uniq_crazy_yiuf_cottage

Action                   || total
-------------------------++-------
Melee: Spear             ||    21
Throw: Stone             ||   102
       Javelin           ||    17
       Throwing net      ||     2
  Use: Scroll            ||     4
Armor: Leather armour    ||    47
Dodge: Dodged            ||    43

Table legend:
 A = Spawn XP
 B = Non-spawn XP
 C = Spawn XP percentage of total XP
 D = Spawn monster count
 E = Non-spawn monster count
 F = Spawn count percentage of total count
 G = Total turns spent on level
                    A         B        C        D         E        F      G
               +---------+---------+-------+---------+---------+-------+---------
         Total |       0 |      47 |   0.0 |       0 |      24 |   0.0 |  1253
               +---------+---------+-------+---------+---------+-------+---------
           D:1 |       0 |      30 |   0.0 |       0 |      15 |   0.0 |   887
           D:2 |       0 |      17 |   0.0 |       0 |       9 |   0.0 |   366
               +---------+---------+-------+---------+---------+-------+---------
